TOP OF THE 1ST |
Boise Hawks batting - Pitching for Hillsboro Hops : RHP Jose Rodas
|
Pitching: RHP Jose Rodas
|
|
Batting: LHB Jerry Santana
|
0-0: Ball 1-0: Foul Ball, location: 2F 1-1: Called Strike 1-2: Strikes out swinging
|
Batting: SHB Ken Griffey IV
|
0-0: SINGLE (Line Drive, 6MD, EV 99.4 MPH)
|
Batting: LHB Jason Ryan
|
0-0: Called Strike Ken Griffey IV steals 2nd base 0-1: Ball 1-1: Ball Ken Griffey IV steals 3rd base 2-1: Ball 3-1: Foul Ball, location: 2F 3-2: Strikes out looking
|
Batting: SHB Chris Besselman
|
0-0: Swinging Strike 0-1: Ball 1-1: Foul Ball, location: 2F 1-2: Ball 2-2: SINGLE (Groundball, 34D, EV 98.8 MPH) Ken Griffey IV scores
|
Batting: RHB Dan Hoffman
|
0-0: Foul Ball, location: 2F 0-1: Swinging Strike 0-2: Fly out, F9 (Flyball, 9, EV 99.4 MPH)
|
Top of the 1st over - 1 run, 2 hits, 0 errors, 1 left on base; Boise 1 - Hillsboro 0 |
BOTTOM OF THE 1ST |
Hillsboro Hops batting - Pitching for Boise Hawks : RHP D.J. Pedroza
|
Pitching: RHP D.J. Pedroza
|
|
Batting: RHB Yutaka Oki
|
0-0: Fly out, F7 (Flyball, 78M, EV 93.1 MPH)
|
Batting: RHB Daniel Rivera
|
0-0: Ball 1-0: DOUBLE (Line Drive, 8RD, EV 110.0 MPH)
|
Batting: RHB Terry Jarrells
|
0-0: Ball 1-0: Foul Ball, location: 2F 1-1: Foul Ball, location: 2F 1-2: Foul Ball, location: 2F 1-2: Ball 2-2: Foul Ball, location: 2F 2-2: Ball 3-2: Fly out, F7 (Flyball, 7D, EV 97.5 MPH) Runner from 2nd tags up, SAFE at 3rd, no throw by LF
|
Batting: LHB Franklin Quezada
|
0-0: Called Strike 0-1: Ball 1-1: SINGLE (Groundball, 3D, EV 98.8 MPH) Daniel Rivera scores
|
Batting: RHB Jonathan Underhill
|
0-0: Ball 1-0: Called Strike Franklin Quezada steals 2nd base 1-1: Ball Wild Pitch! Franklin Quezada to third 2-1: Ground out 4-3 (Groundball, 4, EV 87.5 MPH)
|
Bottom of the 1st over - 1 run, 2 hits, 0 errors, 1 left on base; Boise 1 - Hillsboro 1 |
TOP OF THE 2ND |
Boise Hawks batting - Pitching for Hillsboro Hops : RHP Jose Rodas
|
Batting: RHB Ryan Ward
|
0-0: Ball 1-0: Swinging Strike 1-1: Fly out, F9 (Flyball, 9D, EV 107.5 MPH)
|
Batting: RHB Carlos de Jesus
|
0-0: Ball 1-0: Ball 2-0: Ball 3-0: Base on Balls
|
Batting: RHB Bob Hayes
|
0-0: Ball 1-0: Ground out 6-3 (Groundball, P, EV 85.0 MPH) Carlos de Jesus to second
|
Batting: RHB Aaron Burnet
|
0-0: Ball 1-0: Ball 2-0: Ground out 4-3 (Groundball, 4, EV 85.0 MPH)
|
Top of the 2nd over - 0 runs, 0 hits, 0 errors, 1 left on base; Boise 1 - Hillsboro 1 |
BOTTOM OF THE 2ND |
Hillsboro Hops batting - Pitching for Boise Hawks : RHP D.J. Pedroza
|
Batting: RHB Cesar Rendon
|
0-0: Ball 1-0: Ball 2-0: Ball 3-0: Base on Balls
|
Batting: RHB Antonio Luisa
|
0-0: Foul Ball, location: 2F 0-1: Swinging Strike 0-2: Ball 1-2: Ball 2-2: Foul Ball, location: 2F 2-2: Ball 3-2: Base on Balls Cesar Rendon to second
|
Batting: RHB Sean Tanner
|
0-0: Ball 1-0: Swinging Strike 1-1: Grounds into double play, 4-6-3 (Groundball, 4, EV 86.2 MPH) Cesar Rendon to third
|
Batting: RHB Ryuki Ogasawara
|
0-0: Ground out 6-3 (Groundball, 6, EV 111.9 MPH)
|
Bottom of the 2nd over - 0 runs, 0 hits, 0 errors, 1 left on base; Boise 1 - Hillsboro 1 |
TOP OF THE 3RD |
Boise Hawks batting - Pitching for Hillsboro Hops : RHP Jose Rodas
|
Batting: LHB Jerry Santana
|
0-0: DOUBLE (Line Drive, 78D, EV 108.8 MPH)
|
Batting: SHB Ken Griffey IV
|
0-0: Ball Wild Pitch! Jerry Santana to third 1-0: 2-RUN HOME RUN (Flyball, 78XD, EV 117.5 MPH), Distance : 471 ft
|
Batting: LHB Jason Ryan
|
0-0: Ball 1-0: Ball 2-0: Ball 3-0: Base on Balls
|
Batting: SHB Chris Besselman
|
0-0: Called Strike 0-1: Swinging Strike 0-2: Strikes out swinging
|
Batting: RHB Dan Hoffman
|
0-0: Swinging Strike 0-1: Swinging Strike 0-2: Strikes out swinging
|
Batting: RHB Ryan Ward
|
0-0: Ball 1-0: Ball 2-0: Foul Ball, location: 2F 2-1: Swinging Strike 2-2: Ball 3-2: Base on Balls Jason Ryan to second
|
Batting: RHB Carlos de Jesus
|
0-0: Fielders Choice at 2nd, 6-4 (Groundball, 6, EV 106.9 MPH)
|
Top of the 3rd over - 2 runs, 2 hits, 0 errors, 2 left on base; Boise 3 - Hillsboro 1 |
BOTTOM OF THE 3RD |
Hillsboro Hops batting - Pitching for Boise Hawks : RHP D.J. Pedroza
|
Batting: RHB Yutaka Oki
|
0-0: Foul Ball, location: 2F 0-1: SOLO HOME RUN (Line Drive, 7D, EV 106.2 MPH), Distance : 424 ft
|
Batting: RHB Daniel Rivera
|
0-0: Ball 1-0: Foul Ball, location: 2F 1-1: Fly out, F8 (Flyball, 8RXD, EV 86.9 MPH)
|
Batting: RHB Terry Jarrells
|
0-0: Called Strike 0-1: Ball 1-1: Ground out 6-3 (Groundball, 6, EV 94.4 MPH)
|
Batting: LHB Franklin Quezada
|
0-0: Called Strike 0-1: Ball 1-1: SINGLE (Flyball, 56D, EV 87.5 MPH)
|
Batting: RHB Jonathan Underhill
|
0-0: Called Strike Franklin Quezada steals 2nd base (no throw) 0-1: Ball 1-1: Ball 2-1: Foul Ball, location: 2F 2-2: Foul Ball, location: 2F 2-2: Foul Ball, location: 2F 2-2: Ball 3-2: Base on Balls
|
Batting: RHB Cesar Rendon
|
0-0: Ball 1-0: Ball 2-0: Ball 3-0: Foul Ball, location: 2F 3-1: Base on Balls Franklin Quezada to third Jonathan Underhill to second
|
Batting: RHB Antonio Luisa
|
0-0: Ground out 1-3 (Groundball, 13S, EV 72.5 MPH)
|
Bottom of the 3rd over - 1 run, 2 hits, 0 errors, 3 left on base; Boise 3 - Hillsboro 2 |
TOP OF THE 4TH |
Boise Hawks batting - Pitching for Hillsboro Hops : RHP Jose Rodas
|
Batting: RHB Bob Hayes
|
0-0: Foul Ball, location: 2F 0-1: Foul Ball, location: 2F 0-2: Ball 1-2: Foul Ball, location: 2F 1-2: Strikes out swinging
|
Batting: RHB Aaron Burnet
|
0-0: Ball 1-0: Foul Ball, location: 2F 1-1: Called Strike 1-2: Ball 2-2: Strikes out swinging
|
Batting: LHB Jerry Santana
|
0-0: Ground out 4-3 (Groundball, 4, EV 100.6 MPH)
|
Top of the 4th over - 0 runs, 0 hits, 0 errors, 0 left on base; Boise 3 - Hillsboro 2 |
BOTTOM OF THE 4TH |
Hillsboro Hops batting - Pitching for Boise Hawks : RHP D.J. Pedroza
|
Batting: RHB Sean Tanner
|
0-0: Called Strike 0-1: Foul Ball, location: 2F 0-2: Strikes out swinging
|
Batting: RHB Ryuki Ogasawara
|
0-0: Ball 1-0: Ground out 5-3 (Groundball, 25, EV 84.4 MPH)
|
Batting: RHB Yutaka Oki
|
0-0: Ground out 4-3 (Groundball, 4, EV 91.9 MPH)
|
Bottom of the 4th over - 0 runs, 0 hits, 0 errors, 0 left on base; Boise 3 - Hillsboro 2 |
TOP OF THE 5TH |
Boise Hawks batting - Pitching for Hillsboro Hops : RHP Jose Rodas
|
Batting: SHB Ken Griffey IV
|
0-0: Called Strike 0-1: Called Strike 0-2: Strikes out swinging
|
Batting: LHB Jason Ryan
|
0-0: SINGLE (Line Drive, 4M, EV 104.4 MPH)
|
Batting: SHB Chris Besselman
|
0-0: Ball 1-0: Ball 2-0: Ball 3-0: Base on Balls Jason Ryan to second
|
Batting: RHB Dan Hoffman
|
0-0: Ball 1-0: Called Strike 1-1: Grounds into double play, 4-6-3 (Groundball, 4, EV 101.2 MPH)
|
Top of the 5th over - 0 runs, 1 hit, 0 errors, 1 left on base; Boise 3 - Hillsboro 2 |
BOTTOM OF THE 5TH |
Hillsboro Hops batting - Pitching for Boise Hawks : RHP D.J. Pedroza
|
Batting: RHB Daniel Rivera
|
0-0: Ball 1-0: Swinging Strike 1-1: Called Strike 1-2: Foul Ball, location: 2F 1-2: Ball 2-2: Fly out, F9 (Flyball, 89D, EV 93.1 MPH)
|
Batting: RHB Terry Jarrells
|
0-0: Called Strike 0-1: Ball 1-1: Swinging Strike 1-2: Ball 2-2: Ball 3-2: Foul Ball, location: 2F 3-2: Base on Balls
|
Pitching: RHP Aaron O'Brien
|
|
Batting: LHB Franklin Quezada
|
0-0: Ball Terry Jarrells steals 2nd base 1-0: Ball 2-0: Ground out 6-3 (Groundball, 6, EV 104.4 MPH)
|
Batting: RHB Jonathan Underhill
|
0-0: Ball Wild Pitch! Terry Jarrells to third 1-0: Ball 2-0: Swinging Strike 2-1: Ball 3-1: Base on Balls
|
Batting: RHB Cesar Rendon
|
0-0: Ball 1-0: Called Strike 1-1: Foul Ball, location: 2F 1-2: Foul Ball, location: 2F 1-2: Ball 2-2: Foul Ball, location: 2F 2-2: Ball 3-2: Base on Balls Jonathan Underhill to second
|
Batting: RHB Antonio Luisa
|
0-0: Ball 1-0: Swinging Strike 1-1: Ball 2-1: Ball 3-1: Called Strike 3-2: Foul Ball, location: 2F 3-2: Foul Ball, location: 2F 3-2: Ground out 6-3 (Groundball, 6MD, EV 82.5 MPH)
|
Bottom of the 5th over - 0 runs, 0 hits, 0 errors, 3 left on base; Boise 3 - Hillsboro 2 |
TOP OF THE 6TH |
Boise Hawks batting - Pitching for Hillsboro Hops : RHP Jose Rodas
|
Batting: RHB Ryan Ward
|
0-0: SINGLE (Line Drive, 56D, EV 99.4 MPH)
|
Batting: RHB Carlos de Jesus
|
0-0: Ball 1-0: Ball Ryan Ward steals 2nd base 2-0: Called Strike 2-1: SINGLE (Groundball, 4MD, EV 100.6 MPH) Ryan Ward to third
|
Batting: RHB Bob Hayes
|
0-0: Ball 1-0: Called Strike 1-1: Ball 2-1: Swinging Strike 2-2: Ball 3-2: Base on Balls Carlos de Jesus to second
|
Batting: RHB Aaron Burnet
|
0-0: Called Strike 0-1: Ball 1-1: Swinging Strike 1-2: Strikes out swinging
|
Batting: LHB Jerry Santana
|
0-0: Ball 1-0: Foul Ball, location: 2F 1-1: GRAND SLAM HOME RUN (Flyball, 9LD, EV 96.2 MPH), Distance : 353 ft
|
Pitching: RHP Justin Gasper
|
|
Batting: SHB Ken Griffey IV
|
0-0: Foul Ball, location: 2F 0-1: Foul Ball, location: 2F 0-2: Foul Ball, location: 2F 0-2: Strikes out swinging
|
Batting: LHB Jason Ryan
|
0-0: Foul Ball, location: 2F 0-1: Swinging Strike 0-2: Ball 1-2: Ball 2-2: Foul Ball, location: 2F 2-2: SINGLE (Line Drive, 8RS, EV 96.9 MPH)
|
Batting: SHB Chris Besselman
|
0-0: Foul Ball, location: 2F 0-1: Foul Ball, location: 2F 0-2: Ground out 4-3 (Groundball, 4, EV 89.4 MPH)
|
Top of the 6th over - 4 runs, 4 hits, 0 errors, 1 left on base; Boise 7 - Hillsboro 2 |
BOTTOM OF THE 6TH |
Hillsboro Hops batting - Pitching for Boise Hawks : RHP Aaron O'Brien
|
Batting: RHB Sean Tanner
|
0-0: Ground out 6-3 (Groundball, 6, EV 83.8 MPH)
|
Pitching: RHP Ricardo Roman
|
|
Batting: RHB Ryuki Ogasawara
|
0-0: SINGLE (Line Drive, 9LS, EV 103.8 MPH)
|
Batting: RHB Yutaka Oki
|
0-0: Fly out, F8 (Flyball, 8RXD, EV 103.8 MPH)
|
Batting: RHB Daniel Rivera
|
0-0: Called Strike 0-1: Ball 1-1: Swinging Strike 1-2: Ground out U3 (Groundball, 3, EV 99.4 MPH)
|
Bottom of the 6th over - 0 runs, 1 hit, 0 errors, 1 left on base; Boise 7 - Hillsboro 2 |
TOP OF THE 7TH |
Boise Hawks batting - Pitching for Hillsboro Hops : RHP Justin Gasper
|
Batting: RHB Dan Hoffman
|
0-0: Ball 1-0: SINGLE (Line Drive, 4MD, EV 94.4 MPH)
|
Batting: RHB Ryan Ward
|
0-0: Foul Ball, location: 2F 0-1: Ball 1-1: Called Strike 1-2: Foul Ball, location: 2F 1-2: Strikes out swinging
|
Batting: RHB Carlos de Jesus
|
0-0: Called Strike 0-1: Called Strike 0-2: Ball 1-2: Strikes out swinging
|
Batting: RHB Bob Hayes
|
0-0: Ball 1-0: Ball 2-0: Ball 3-0: Base on Balls Dan Hoffman to second
|
Batting: RHB Aaron Burnet
|
0-0: Ball 1-0: Ball 2-0: Ball 3-0: Called Strike 3-1: Foul Ball, location: 2F 3-2: Foul Ball, location: 2F 3-2: SINGLE (Groundball, 6MD, EV 96.9 MPH) Dan Hoffman to third Bob Hayes to second Dan Hoffman scores Bob Hayes to third
|
Pitching: LHP Matt Bagnall
|
|
Batting: LHB Jerry Santana
|
0-0: Ball 1-0: Ball 2-0: Foul Ball, location: 2F 2-1: Fly out, F5 (Popup, 5F, EV 65.0 MPH)
|
Top of the 7th over - 1 run, 2 hits, 0 errors, 2 left on base; Boise 8 - Hillsboro 2 |
BOTTOM OF THE 7TH |
Hillsboro Hops batting - Pitching for Boise Hawks : RHP Ricardo Roman
|
Batting: RHB Terry Jarrells
|
0-0: Called Strike 0-1: Fly out, F8 (Flyball, 8LXD, EV 97.5 MPH)
|
Batting: LHB Franklin Quezada
|
0-0: Called Strike 0-1: Fly out, F7 (Flyball, 7, EV 98.8 MPH)
|
Batting: RHB Jonathan Underhill
|
0-0: Ball 1-0: Ground out 6-3 (Groundball, 6S, EV 77.5 MPH)
|
Bottom of the 7th over - 0 runs, 0 hits, 0 errors, 0 left on base; Boise 8 - Hillsboro 2 |
TOP OF THE 8TH |
Boise Hawks batting - Pitching for Hillsboro Hops : LHP Matt Bagnall
|
Batting: SHB Ken Griffey IV
|
0-0: Foul Ball, location: 2F 0-1: Foul Ball, location: 2F 0-2: Ball 1-2: Ball 2-2: Foul Ball, location: 2F 2-2: Foul Ball, location: 2F 2-2: Strikes out swinging
|
Batting: LHB Jason Ryan
|
0-0: Called Strike 0-1: SINGLE (Groundball, 4MD, EV 106.2 MPH)
|
Batting: SHB Chris Besselman
|
0-0: Swinging Strike 0-1: Foul Ball, location: 2F 0-2: Ball 1-2: Ball 2-2: Ball 3-2: Foul Ball, location: 2F 3-2: Foul Ball, location: 2F 3-2: SINGLE (Groundball, 56D, EV 108.8 MPH) Jason Ryan to second
|
Batting: RHB Dan Hoffman
|
0-0: Foul Ball, location: 2F 0-1: Ball 1-1: Ball Wild Pitch! Jason Ryan to third Chris Besselman to second 2-1: Foul Ball, location: 2F 2-2: Foul Ball, location: 2F 2-2: Ball 3-2: Base on Balls
|
Batting: RHB Ryan Ward
|
0-0: Ball 1-0: Foul Ball, location: 2F 1-1: Ball 2-1: Ball 3-1: Base on Balls Jason Ryan scores Chris Besselman to third Dan Hoffman to second
|
Batting: RHB Carlos de Jesus
|
0-0: Ball 1-0: Called Strike Balk! Chris Besselman scores Dan Hoffman to third Ryan Ward to second 1-1: Ball Wild Pitch! Dan Hoffman scores Ryan Ward to third 2-1: Ground out 5-3 (Groundball, 56S, EV 72.5 MPH) Ryan Ward scores
|
Pitching: RHP Jake Priest
|
|
Batting: RHB Bob Hayes
|
0-0: Ball 1-0: Foul Ball, location: 2F 1-1: Ground out 5-3 (Groundball, 5S, EV 85.0 MPH)
|
Top of the 8th over - 4 runs, 2 hits, 0 errors, 0 left on base; Boise 12 - Hillsboro 2 |
BOTTOM OF THE 8TH |
Hillsboro Hops batting - Pitching for Boise Hawks : RHP Ricardo Roman
|
Batting: RHB Cesar Rendon
|
0-0: Called Strike 0-1: Ball 1-1: Foul Ball, location: 2F 1-2: Strikes out swinging
|
Batting: RHB Antonio Luisa
|
0-0: Ball 1-0: Called Strike 1-1: Ball 2-1: Fly out, F8 (Flyball, 8LM, EV 82.5 MPH)
|
Batting: RHB Sean Tanner
|
0-0: Ground out 5-3 (Groundball, 56S, EV 93.1 MPH)
|
Bottom of the 8th over - 0 runs, 0 hits, 0 errors, 0 left on base; Boise 12 - Hillsboro 2 |
TOP OF THE 9TH |
Boise Hawks batting - Pitching for Hillsboro Hops : RHP Jake Priest
|
Pinch Hitting: SHB Brad Madden
|
0-0: Hit by Pitch
|
Batting: LHB Jerry Santana
|
0-0: Ball 1-0: SINGLE (Flyball, 6D, EV 95.0 MPH) Brad Madden to second
|
Batting: SHB Ken Griffey IV
|
0-0: Fly out, F9 (Flyball, 89S, EV 91.9 MPH)
|
Batting: LHB Jason Ryan
|
0-0: Grounds into double play, 4-6-3 (Groundball, 4, EV 108.8 MPH)
|
Top of the 9th over - 0 runs, 1 hit, 0 errors, 1 left on base; Boise 12 - Hillsboro 2 |
BOTTOM OF THE 9TH |
Hillsboro Hops batting - Pitching for Boise Hawks : RHP Ricardo Roman
|
Now in LF: Brad Madden
|
|
Batting: RHB Ryuki Ogasawara
|
0-0: Called Strike 0-1: Ball 1-1: Foul Ball, location: 2F 1-2: Strikes out swinging
|
Pitching: RHP Jonathan Alldritt
|
|
Pinch Hitting: RHB Danny Loyola
|
0-0: Foul Ball, location: 2F 0-1: Ball 1-1: Reached on error, E5 (Groundball, 56S, EV 83.8 MPH)
|
Pinch Hitting: SHB Morgan Batson
|
0-0: Called Strike 0-1: SINGLE (Line Drive, 78S, EV 100.6 MPH) Danny Loyola to second
|
Batting: RHB Terry Jarrells
|
0-0: Ball 1-0: Called Strike 1-1: Ball 2-1: Called Strike 2-2: Ball 3-2: SINGLE (Line Drive, 89S, EV 86.9 MPH) Danny Loyola to third Morgan Batson to second
|
Batting: LHB Franklin Quezada
|
0-0: Ball 1-0: Grounds into double play, 4-6-3 (Groundball, 4, EV 83.1 MPH)
|
Bottom of the 9th over - 0 runs, 2 hits, 1 error, 2 left on base; Boise 12 - Hillsboro 2 |
|